 Dungeon Crawl Stone Soup version 0.29-a0-8-g0446c0dae4 (webtiles) character file.

Game seed: 4852804862517262026

12154 lessens the Severer (level 11, -9/89 HPs)
             Began as a Minotaur Enchanter on Jan 27, 2022.
             Was a High Priest of Okawaru.
             Mangled by a catoblepas (25 damage)
             ... on level 9 of the Dungeon.
             The game lasted 00:23:16 (15230 turns).

lessens the Severer (Minotaur Enchanter)           Turns: 15230, Time: 00:23:17

Health: -9/89      AC: 15    Str: 17    XL:     11   Next: 58%
Magic:  11/13      EV: 11    Int: 12    God:    Okawaru [*****.]
Gold:   309        SH:  0    Dex: 17    Spells: 12/12 levels left

rFire   . . .      SeeInvis .   h - +0 battleaxe
rCold   . . .      Faith    .   (shield currently unavailable)
rNeg    . . .      Spirit   .   M - +0 chain mail
rPois   +          Reflect  .   (helmet restricted)
rElec   .          Harm     .   O - +0 cloak
rCorr   .          Rampage  .   o - +0 pair of gloves
Will    .....                   (no boots)
Stlth   +.........              (no amulet)
HPRegen 0.24/turn               v - +6 ring of dexterity
MPRegen 0.13/turn               z - ring of poison resistance

@: heroic
A: horns 2, retaliatory headbutt
a: Renounce Religion, Heroism, Finesse, Duel


You were on level 9 of the Dungeon.
You worshipped Okawaru.
Okawaru was extremely pleased with you.
You visited 2 branches of the dungeon, and saw 10 of its levels.
You also visited: Sewer.

You collected 553 gold pieces.
You spent 244 gold pieces at shops.

Inventory:

Hand Weapons
 a - a +1 dagger
 e - a +0 club
 h - a +0 battleaxe (weapon)
 j - a +0 hand axe
 t - a +0 hand axe of flaming
 K - a +0 war axe
Missiles
 g - 256 stones
 r - 39 poisoned darts (quivered)
 y - 4 atropa-tipped darts
 Q - 3 throwing nets
 Y - 6 javelins
Armour
 b - a +0 robe
 o - a +0 pair of gloves (worn)
 u - a +0 ring mail
 D - a +0 scale mail
 L - a +0 plate armour
 M - a +0 chain mail (worn)
 O - a +0 cloak (worn)
 W - +0 acid dragon scales
Jewellery
 q - a ring of ice
 v - a +6 ring of dexterity (left hand)
 z - a ring of poison resistance (right hand)
 C - a ring of fire
Wands
 l - a wand of flame (19)
 E - a wand of iceblast (13)
 V - a wand of mindburst (7)
Scrolls
 d - 4 scrolls of teleportation
 f - 2 scrolls of blinking {unknown}
 k - 2 scrolls of torment {unknown}
 m - a scroll of immolation
 p - a scroll of silence {unknown}
 w - a scroll of noise {unknown}
 B - 2 scrolls of amnesia {unknown}
 G - a scroll of fear
 J - a scroll of vulnerability {unknown}
 N - a scroll of enchant armour {unknown}
 R - a scroll of acquirement {unknown}
 U - a scroll of summoning {unknown}
Potions
 c - a potion of invisibility
 i - 3 potions of flight
 n - 5 potions of resistance
 s - 4 potions of curing
 x - 2 potions of brilliance
 A - a potion of ambrosia
 F - a potion of degeneration
 H - 2 potions of magic
 I - a potion of haste {unknown}
 P - 2 potions of heal wounds
 S - a potion of might {unknown}
 T - 2 potions of mutation {unknown}
Miscellaneous
 X - a phial of floods (inert)


   Skills:
 - Level 6.0(11.0) Fighting
 - Level 1.1(6.1) Short Blades
 * Level 18.4(23.4) Axes
 - Level 0.5(17.0) Maces & Flails
 - Level 8.0(13.0) Armour
 - Level 2.1(7.1) Dodging
 - Level 2.4(7.4) Stealth
 - Level 1.3 Spellcasting
 - Level 2.0 Hexes
 + Level 4.2 Invocations


You had 12 spell levels left.
You didn't know any spells.
Your spell library contained the following spells:

 Spells                   Type           Power      Damage    Failure   Level
 Pain                     Necr           0%         1d4       92%         1
 Shock                    Conj/Air       0%         1d3       92%         1
 Ensorcelled Hibernation  Hex/Ice        6%         N/A       92%         2
 Confusing Touch          Hex            5%         N/A       96%         3
 Static Discharge         Conj/Air       0%         N/A       98%         2
 Sublimation of Blood     Necr           0%         N/A       98%         2
 Wereblood                Tmut           0%         N/A       98%         2
 Dazzling Flash           Conj/Hex       6%         N/A       99%         3
 Frozen Ramparts          Ice            0%         1d2       100%        3
 Gell's Gravitas          Tloc           0%         N/A       100%        3
 Swiftness                Air            0%         N/A       100%        3
 Teleport Other           Tloc           0%         N/A       100%        3
 Vampiric Draining        Necr           0%         2d6       100%        3
 Airstrike                Air            0%         N/A       100%        4
 Ice Form                 Ice/Tmut       0%         N/A       100%        4
 Blade Hands              Tmut           0%         N/A       100%        5
 Irradiate                Conj/Tmut      0%         3d13      100%        5
 Lightning Bolt           Conj/Air       0%         1d11      100%        5
 Dispersal                Tloc           0%         N/A       100%        6
 Dragon Form              Tmut           0%         N/A       100%        7
 Maxwell's Capacitive Co  Air            0%         ∞         100%        8
 Animate Skeleton         Necr           Unusable   N/A       N/A         1
 Tukima's Dance           Hex            Unusable   N/A       N/A         3
 Summon Ice Beast         Ice/Summ       Unusable   N/A       N/A         4
 Summon Hydra             Summ           Unusable   N/A       N/A         7

Dungeon Overview and Level Annotations

Branches:
Dungeon (9/15)             Temple (1/1) D:4            Lair (0/6) D:9
    Orc (0/2) D:9           Sewer (visited)

Altars:
Ashenzari
Cheibriados
Hepliaklqana
Kikubaaqudgha
Nemelex Xobeh
Okawaru
Qazlal
Ru
Sif Muna
Xom
Beogh

Shops:
D:2 !   D:6 *   D:8 !

Annotations:
D:7 1 runed translucent door, badtown22's ghost, novice FeFi


Innate Abilities, Weirdness & Mutations

You have a pair of horns on your head.
You reflexively headbutt those who attack you in melee.


Message History

The eight-headed hydra bites you!
Aiming: Iceblast
Press: ? - help, Shift-Dir - straight line The mass of ice explodes!
The iceblast engulfs the eight-headed hydra!
You kill the eight-headed hydra!
Okawaru accepts your kill.
Your Invocations skill increases to level 4!
Okay, then.
Unknown command.
A catoblepas comes into view.
The catoblepas bellows!
Things that are here:
a +0 robe; a +0 dagger
Okay, then.
You gain the combat prowess of a mighty hero.
The catoblepas misses you.
You hit the catoblepas.
You headbutt the catoblepas, but do no damage.
The catoblepas is lightly wounded.
The catoblepas gores you!
You hit the catoblepas. You headbutt the catoblepas.
The catoblepas is lightly wounded.
You slice the catoblepas!!
The catoblepas is heavily wounded.
The catoblepas gores you!!
You slice the catoblepas!!
The catoblepas is severely wounded.
The catoblepas breathes a plume of calcifying dust at you.
The blast of calcifying dust hits you.
Unknown command.
The catoblepas gores you!!
* * * LOW HITPOINT WARNING * * *
Unknown command.
Unknown command.
Unknown command.
You hit the catoblepas but do no damage.
The catoblepas is severely wounded.
The catoblepas gores you!!
You die...

#################[###..(...#.....
..####........#♣♣.♣♣#......#.._..
♣.').######.♣.#♣.♣.♣#......#.....
♣.#).([().#.♣.#.♣♣♣.#......#.....
♣.######..'.♣.#♣.♣.♣#(.....######
.......####...#♣♣.♣♣#.......##...
######.# ##### ♣.♣ #....#...##.#
♣♣♣♣♣♣.♣ ♣♣Y♣♣#>........##.
(......♣ #♣@§.♣#....#...##..
.♣♣♣♣♣♣♣♣♣♣♣♣♣#..§..#....#...#...
.♣...........♣#..§..#............
.♣.♣♣♣♣♣♣♣♣♣.♣#..§..#............
.♣.♣#.)....♣.♣#.♣♣♣.#............
.♣.♣#.####.♣.♣♣♣.♣ ♣#............
.♣.♣#.'.|#.♣....♣♣ #............
.♣.♣#.'.:#.♣.♣♣♣.♣ #............
.♣.♣######.♣.♣ ♣♣ #............


You could see a catoblepas.

Vanquished Creatures
  A great orb of eyes (D:9)
  A hydra (D:9)
  Harold (D:8)
  A centaur warrior (D:9)
  3 two-headed ogres
  A deep elf knight (D:9)
  A glowing orange brain (D:9)
  Pikel (D:5)
  2 cyclopes (D:9)
  2 komodo dragons
  A freezing wraith (D:9)
  Sigmund (D:5)
  2 steam dragons
  An acid dragon (D:9)
  2 water moccasins
  2 hornet zombies
  8 orc warriors
  A sky beast (D:5)
  An ice beast (D:5)
  A black bear (D:5)
  5 centaurs
  A necrophage (D:4)
  An ogre (D:4)
  2 lemures (D:5)
  3 phantoms
  3 kobold brigands
  3 bullfrogs
  A gnoll sergeant (D:9)
  2 scorpions (D:7)
  A wyvern zombie (D:6)
  2 water moccasin skeletons
  2 howler monkeys (D:7)
  13 wights
  A bullfrog zombie (D:6)
  A jelly (D:4)
  3 centaur zombies
  A bullfrog skeleton (D:7)
  2 centaur skeletons
  4 hounds
  Crazy Yiuf (D:7)
  2 orc priests (D:9)
  6 iguanas
  6 orc wizards (D:9)
  A howler monkey zombie (D:9)
  6 adders
  A howler monkey skeleton (D:7)
  3 gnolls (D:6)
  A river rat (Sewer)
  2 shadow imps
  2 white imps
  A worm (D:3)
  A dart slug (D:2)
  16 orcs
  A ball python (D:2)
  8 endoplasms
  3 giant cockroaches
  9 goblins
  8 hobgoblins
  A quokka (D:1)
  4 bats
  4 frilled lizards
  21 kobolds
  9 rats
202 creatures vanquished.

Vanquished Creatures (others)
  17 plants
17 creatures vanquished.

Grand Total: 219 creatures vanquished

Notes
Turn   | Place    | Note
-------+----------+-------------------------------------------
     0 | D:1      | lessens the Minotaur Enchanter began the quest for the Orb.
     0 | D:1      | Reached XP level 1. HP: 14/14 MP: 1/1
    31 | D:1      | Reached skill level 1 in Fighting
   458 | D:1      | Reached XP level 2. HP: 20/23 MP: 3/3
   537 | D:1      | Reached skill level 1 in Axes
   941 | D:1      | Found a faded altar of an unknown god.
   995 | D:1      | Reached skill level 2 in Axes
  1111 | D:1      | Reached XP level 3. HP: 9/28 MP: 4/4
  1632 | D:2      | Reached skill level 3 in Axes
  1768 | D:2      | Found Sucanean's Distillery.
  1784 | D:2      | Bought a potion of heal wounds for 55 gold pieces
  2320 | D:3      | Found a glowing drain.
  2338 | D:3      | Reached XP level 4. HP: 26/35 MP: 5/5
  2347 | D:3      | Reached skill level 4 in Axes
  2464 | Sewer    | Entered a sewer
  2750 | Sewer    | Noticed a kobold brigand
  2759 | Sewer    | Killed a kobold brigand
  2760 | Sewer    | Reached skill level 5 in Axes
  2760 | Sewer    | Reached XP level 5. HP: 40/40 MP: 6/6
  2785 | Sewer    | Found a white marble altar of Elyvilon.
  3382 | D:4      | Noticed an ogre
  3392 | D:4      | Killed an ogre
  3393 | D:4      | Reached skill level 6 in Axes
  3393 | D:4      | Reached XP level 6. HP: 47/47 MP: 7/7
  3459 | D:4      | Reached skill level 7 in Axes
  3735 | D:4      | Reached skill level 8 in Axes
  3967 | D:4      | Found a staircase to the Ecumenical Temple.
  3973 | Temple   | Entered the Ecumenical Temple
  3978 | Temple   | Became a worshipper of Warmaster Okawaru
  4163 | D:4      | Reached XP level 7. HP: 43/52 MP: 8/8
  4241 | D:4      | Found a stormy altar of Qazlal.
  4409 | D:5      | Entered Level 5 of the Dungeon
  4433 | D:5      | Noticed Sigmund
  4538 | D:5      | Reached skill level 9 in Axes
  4726 | D:5      | Reached * piety under Okawaru
  5001 | D:5      | Killed Sigmund
  5002 | D:5      | Reached skill level 10 in Axes
  5616 | D:5      | Reached skill level 1 in Invocations
  5616 | D:5      | Reached XP level 8. HP: 50/59 MP: 9/9
  5859 | D:5      | Noticed Pikel
  5930 | D:5      | Killed Pikel
  5930 | D:5      | Reached ** piety under Okawaru
  5931 | D:5      | Reached skill level 11 in Axes
  6189 | D:5      | Reached skill level 12 in Axes
  6574 | D:6      | Reached *** piety under Okawaru
  7082 | D:6      | Found Efauf's General Store.
  7090 | D:6      | Bought a potion of degeneration for 11 gold pieces
  7090 | D:6      | Bought a scroll of fear for 38 gold pieces
  7194 | D:6      | Reached XP level 9. HP: 15/70 MP: 7/10
  8042 | D:7      | Reached skill level 13 in Axes
  8190 | D:7      | Identified the +1 leather armour of Xesuotzo {Dex+2}
  8635 | D:7      | Reached skill level 5 in Fighting
  8659 | D:7      | Reached **** piety under Okawaru
  8665 | D:7      | Reached skill level 14 in Axes
  9280 | D:7      | Noticed badtown22's ghost (novice FeFi)
  9284 | D:7      | Found a runed translucent door.
  9669 | D:7      | Found a runed translucent door.
  9670 | D:7      | Noticed Crazy Yiuf
  9854 | D:7      | Killed Crazy Yiuf
  9855 | D:7      | Reached skill level 1 in Armour
 10008 | D:8      | Noticed a two-headed ogre
 10313 | D:8      | Found Riseigro's Distillery.
 10317 | D:8      | Noticed a komodo dragon
 10332 | D:8      | Killed a komodo dragon
 10332 | D:8      | Received a gift from Okawaru
 10444 | D:8      | Bought a potion of heal wounds for 70 gold pieces
 10444 | D:8      | Bought a potion of heal wounds for 70 gold pieces
 10445 | D:8      | Noticed Harold
 10463 | D:8      | Killed Harold
 10464 | D:8      | Reached skill level 15 in Axes
 10464 | D:8      | Reached XP level 10. HP: 40/83 MP: 9/11
 11738 | D:9      | Found a staircase to the Orcish Mines.
 11987 | D:8      | Killed a two-headed ogre
 11988 | D:8      | Reached skill level 5 in Armour
 12121 | D:9      | Reached skill level 16 in Axes
 12514 | D:9      | Found a staircase to the Lair.
 12536 | D:9      | Reached ***** piety under Okawaru
 13752 | D:9      | Noticed a two-headed ogre
 13765 | D:9      | Killed a two-headed ogre
 13765 | D:9      | Received a gift from Okawaru
 13873 | D:9      | Noticed a centaur warrior
 13875 | D:9      | Noticed an eight-headed hydra
 13880 | D:9      | Killed a centaur warrior
 13881 | D:9      | Reached skill level 17 in Axes
 13881 | D:9      | Reached XP level 11. HP: 74/89 MP: 12/12
 14277 | D:9      | Noticed a deep elf knight
 14286 | D:9      | Killed a deep elf knight
 14290 | D:9      | Noticed a two-headed ogre
 14290 | D:9      | Noticed a glowing orange brain
 14295 | D:9      | Identified the +1 robe "Zomu" {rPois Str+3 Archmagi}
                  | (Okawaru gifted it to you on level 9 of the Dungeon)
 14295 | D:9      | Received a gift from Okawaru
 14300 | D:9      | Killed a two-headed ogre
 14307 | D:9      | Killed a glowing orange brain
 14846 | D:9      | Noticed a great orb of eyes
 14855 | D:9      | Killed a great orb of eyes
 14856 | D:9      | Reached skill level 18 in Axes
 15206 | D:9      | Killed an eight-headed hydra
 15209 | D:9      | Noticed a catoblepas
 15230 | D:9      | Mangled by a catoblepas

Illustrated notes

Levels and vault maps discovered:
D:1:      mrwooster_arrival_arrow, layout_rooms,
          hellmonk_ecumenical_altar_leap_of_faith, solitary_fountain,
          lexackson_kobold_supper
D:2:      layout_loops_ring, serial_shops, shop
D:3:      layout_basic, gup_sewer_entry_glass
D:4:      layout_cave_pools, nicolae_overflow_hidden_temple, temple_green
D:5:      layout_loops_ring, serial_glass, glass_columns_a, glass_columns_a,
          kennysheep_generic_room_10, uniq_pikel, uniq_sigmund
D:6:      layout_gridville, nicolae_stop_n_shop_2, minmay_small_thing
D:7:      layout_rooms, hellmonk_ghost_happy_afterlife,
          minmay_fractal_squares_gapless_5, uniq_crazy_yiuf_cottage
D:8:      layout_loops_cross, serial_shops, shop, small_chamber_with_monster,
          uniq_harold
D:9:      nzn_winding_woodlands_large [nzn_winding_woodlands_5x5_checkerboard,
          nzn_winding_woodlands_5x15_concentric,
          nzn_winding_woodlands_5x5_cross,
          nzn_winding_woodlands_center_triple_pond,
          nzn_winding_woodlands_15x15_boxy_spiral,
          nzn_winding_woodlands_center_lodge, nzn_winding_woodlands_5x5_three,
          nzn_winding_woodlands_5x15_parted,
          nzn_winding_woodlands_5x5_closed_star], layout_cross,
          david_lair_shrubbed, minmay_orc_entry_temple_small
Temple:   compressed_dpeg_triangle_lava_temple

Skill      XL: |  1  2  3  4  5  6  7  8  9 10 11 |
---------------+----------------------------------+-----
Fighting       | 1 3 6 |  6.0
Axes           | 2 3 5 6 8 10 12 15 17 18 | 18.4
Invocations    | 1 3 4 |  4.2
Armour         | 3 6 8 |  8.0
Short Blades   | |  1.1
Maces & Flails | |  0.5
Dodging        | |  2.1
Stealth        | |  2.4
Spellcasting   | |  1.3
Hexes          | |  2.0

Action                   |  1- 3 |  4- 6 |  7- 9 | 10-12 || total
-------------------------+-------+-------+-------+-------++-------
Melee: Club              |    25 |       |       |       ||    25
       Dagger            |     9 |       |       |       ||     9
       Headbutt          |    12 |    21 |    89 |    45 ||   167
       Hand axe          |    62 |    89 |   326 |       ||   477
       Punch             |       |     4 |     6 |       ||    10
       War axe           |       |       |    58 |    78 ||   136
       Battleaxe         |       |       |       |   109 ||   109
Throw: Dart              |       |       |    18 |     9 ||    27
       Stone             |       |       |     2 |       ||     2
       Throwing net      |       |       |       |     1 ||     1
Invok: Heroism           |       |       |     4 |     5 ||     9
Evoke: Wand              |       |     6 |     2 |    18 ||    26
       Phial of floods   |       |       |       |     1 ||     1
  Use: Potion            |       |     2 |     3 |     1 ||     6
       Scroll            |       |       |     1 |     5 ||     6
 Stab: Sleeping          |     5 |     4 |     1 |       ||    10
       Distracted        |     1 |       |     1 |       ||     2
       Invisible         |       |     1 |       |       ||     1
Armor: Robe              |    16 |     3 |       |       ||    19
       Ring mail         |       |    11 |    49 |       ||    60
       Scale mail        |       |       |    42 |    11 ||    53
       Chain mail        |       |       |       |    69 ||    69
Dodge: Dodged            |    52 |    40 |   147 |    69 ||   308

Table legend: (Time is in decaauts)
 A = Elapsed time spent in this place.
 B = Non-inter-level travel time spent in this place.
 C = Inter-level travel time spent in this place.
 D = Time resting spent in this place.
 E = Time spent auto-exploring this place.
 F = Levels seen in this place.
 G = Mean time per level.
                   A        B        C        D        E       F      G
               +--------+--------+--------+--------+--------+-----+--------+
         Total |  15145 |  14596 |    549 |   2742 |   9499 |  11 | 1376.8 |
       Dungeon |  14747 |  14203 |    544 |   2742 |   9197 |   9 | 1638.6 |
        Temple |     10 |      5 |      5 |      0 |      0 |   1 |   10.0 |
         Sewer |    387 |    387 |      0 |      0 |    302 |   1 |  387.0 |
               +--------+--------+--------+--------+--------+-----+--------+

Top non-repeatable levels by time:
     D:9: 3191 daAuts
     D:8: 1894 daAuts
     D:6: 1870 daAuts
     D:7: 1774 daAuts
     D:5: 1739 daAuts
     D:1: 1513 daAuts
     D:4: 1254 daAuts
     D:3: 793 daAuts
     D:2: 716 daAuts
   Sewer: 387 daAuts
  Temple: 10 daAuts
